 Dungeon Crawl Stone Soup version 0.19-a0-1268-g6c5d9f8 (webtiles) character file.

221813 mopl the Severer (level 18, -1/116 HPs)
             Began as a Demonspawn Gladiator on Aug 29, 2016.
             Was an Initiate of Gozag.
             Killed by static electricity
             ... invoked by an insubstantial wisp
              (7 damage)
             ... on level 3 of the Abyss.
             The game lasted 01:57:21 (42143 turns).

mopl the Severer (Demonspawn Gladiator)            Turns: 42143, Time: 01:57:22

Health: -1/116     AC: 24    Str: 17    XL:     18   Next: 51%
Magic:  0/25       EV: 19    Int: 13    God:    Gozag
Gold:   10493      SH:  0    Dex: 14    Spells: 0 memorised, 17 levels left

rFire  + . .     SeeInvis +     a - +1 broad axe "Dailore" {chop, rF+ rN+ Int-3}
rCold  . . .     Gourm    .     y - +6 ring mail of It's Over Quickly {rCorr Str+2}
rNeg   + . .     Faith    .     (no shield)
rPois  .         Spirit   +     P - +2 helmet
rElec  .         Dismiss  .     H - +2 cloak {+Inv}
rCorr  +         Reflect  .     (gloves unavailable)
MR     ++...     Harm     .     O - +2 pair of boots
Stlth  +......... Rnd*Rage +    (no amulet)
                                i - ring of see invisible
                                T - ring of protection from magic {=R}

@: gold aura, very slightly contaminated, invisible
A: claws 3, agile 1, berserk 2, clumsy 2, frail 2, slow regeneration 1, spiny 1,
wild magic 1, magic shield, magic regeneration, magic link, no device heal 2,
MP-powered wands, sturdy frame 3
a: Potion Petition, Call Merchant, Bribe Branch, Renounce Religion
}: 1/15 runes: gossamer


You were on level 3 of the Abyss.
You worshipped Gozag.
Gozag was extremely pleased with you.
You were not hungry.

You visited 5 branches of the dungeon, and saw 29 of its levels.
You visited the Abyss 1 time.
You also visited: Sewer, Bailey, Ice Cave and Desolation.

You collected 13968 gold pieces.
You spent 1780 gold pieces at shops.
You paid 1695 gold pieces to Gozag.

Inventory:

Hand Weapons
 a - the +1 broad axe "Dailore" (weapon) {chop, rF+ rN+ Int-3}
   (You found it on level 3 of the Lair of Beasts)

   It inflicts extra damage upon your enemies.
   It affects your intelligence (-3).
   It protects you from fire.
   It protects you from negative energy.
 b - a +0 war axe of flaming
 F - a +0 blowgun
 V - the +8 frozen axe "Frostbite" {freezing cloud, *Noise +Fly rC+}
   (You found it on level 11 of the Dungeon)

   It has been specially enchanted to freeze those struck by it, causing extra
   injury to most foes and up to half again as much damage against particularly
   susceptible opponents.
   It can also slow down cold-blooded creatures.
   It protects you from cold.
   It lets you fly.
   It may make noises in combat.
Missiles
 d - 4 throwing nets (quivered)
 g - 4 curare-tipped needles
 j - 18 poisoned needles
 z - 46 tomahawks of returning
 W - 2 poisoned javelins
Armour
 y - the +6 ring mail of It's Over Quickly (worn) {rCorr Str+2}
   (You found it on level 4 of the Dungeon)

   It affects your strength (+2).
   It protects you from acid and corrosion.
 H - a +2 cloak of invisibility (worn)
 O - a +2 pair of boots (worn)
 P - a +2 helmet (worn)
Jewellery
 i - a ring of see invisible (right claw)
 x - an uncursed ring of poison resistance
 S - the ring "Aqiublanoi" {Ice rElec rPois Dex-3}
   (You found it on level 2 of the Spider Nest)

   [ring of ice]

   It enhances your ice magic.
   It affects your dexterity (-3).
   It makes you vulnerable to fire.
   It protects you from cold.
   It insulates you from electricity.
   It protects you from poison.
 T - a ring of protection from magic (left claw) {=R}
Wands
 e - a wand of heal wounds (1/9)
 m - a wand of lightning (11/15)
 p - a wand of disintegration (10/24)
 q - a wand of iceblast (1/15)
 M - a wand of paralysis (5/24)
Scrolls
 c - a scroll of enchant weapon
 h - 11 scrolls of remove curse
 k - 3 scrolls of magic mapping
 n - 3 scrolls of fog
 r - a scroll of enchant armour
 s - a scroll of blinking
 A - a scroll of teleportation
 D - 3 scrolls of fear
 K - a scroll of vulnerability
 L - 3 scrolls of silence {!r}
 Q - 7 scrolls of identify
 U - a scroll of summoning
Potions
 f - a potion of berserk rage {!q}
 l - 4 potions of might
 u - 2 potions of cancellation
 w - a potion of invisibility
 C - 3 potions of resistance
 E - 8 potions of curing
 J - 2 potions of haste
 R - a potion of agility
 Y - 3 potions of lignification {!q}
 Z - 2 potions of ambrosia
Miscellaneous
 o - a fan of gales
 v - 2 phantom mirrors
 I - a phial of floods
 N - a sack of spiders
Comestibles
 G - 3 meat rations


   Skills:
 + Level 14.0 Fighting
 * Level 20.1 Axes
 + Level 2.6 Throwing
 + Level 12.4 Armour
 + Level 12.2 Dodging
 - Level 10.0 Evocations


You had 17 spell levels left.
You didn't know any spells.

Dungeon Overview and Level Annotations

Branches:
Dungeon (15/15)            Temple (0/1) D:6            Lair (6/6) D:9
 Shoals (2/4) Lair:3       Spider (4/4) Lair:3        Slime (0/5) Lair:5
    Orc (2/2) D:12            Elf (0/3) Orc:2        Vaults (0/5) D:14
 Depths (0/5) D:15

Altars:
Dithmenos
Elyvilon
Gozag
Nemelex Xobeh
Okawaru
Ru
Uskayaw
Vehumet
Yredelemnul
Beogh

Shops:
D:11 [:}(   Orc:2 [(*(

Annotations:
D:5 exclusion: sky beast
Shoals:1 exclusion: Roxanne, Roxanne


Innate Abilities, Weirdness & Mutations

You have claws for hands.
You are partially covered in sharp spines.
When hurt, damage is shared between your health and your magic reserves.
You regenerate magic rapidly.
When low on magic, you restore magic in place of health.
Your movements are significantly less encumbered by armour. (ER -6)
You are agile. (Dex +2)
Your spells are a little harder to cast, but a little more powerful.
You expend magic power (3 MP) to strengthen your wands.
[You often lose your temper in combat.]
[You are very clumsy. (Dex -4)]
[You are very frail. (-20% HP)]
[You regenerate slowly when monsters are visible.]
[Potions and wands are poor at restoring your health.]


Message History

The chaos spawn barely misses you.
Unknown command.
Unknown command.
You hit the red devil.
The red devil is almost dead.
You slash the chaos spawn!
You feel sick.
The red devil hits you with a demon trident of venom!
* * * LOW HITPOINT WARNING * * *
You feel ill. The chaos spawn barely misses you.
Unknown command.
Your system partially rejects the healing.
You feel better.
The insubstantial wisp gives a chilling moan.
You feel yourself growing ill in the presence of the ancient zyme.
The chaos spawn closely misses you. The red devil is struck by your spines.
You kill the red devil!
The insubstantial wisp thrums sharply.
You are struck by lightning.
You die...
Your body crumbles into a pile of gold.

### $.. #
#.# #
#.##.##.##$#
.≈.....v4x≈#
#@# ##$##
.≈.# ##.##
#.# 8....
8.+
#*##.##.## #
#.# # .≈$


You could see an ancient zyme, a chaos spawn and an insubstantial wisp.

Vanquished Creatures
  A bone dragon (Abyss:3)
  The ghost of Torious the Convoker, an adept DECj of Sif Muna (Desolation)
  A tentacled starspawn (Abyss:3)
  2 krakens
  Polyphemus (Shoals:2)
  4 imperial myrmidons (Desolation)
  3 orc warlords (Orc:2)
  6 ghost moths
  5 emperor scorpions
  3 entropy weavers
  A halazid warlock (Desolation)
  5 spark wasps
  A green death (Abyss:3)
  3 ragged hierophants
  An ettin (Orc:2)
  2 crystal guardians (Desolation)
  Josephine (Shoals:1)
  A quicksilver dragon skeleton (D:15)
  An ice dragon (D:11)
  Harold (Orc:1)
  6 hydras
  2 alligator snapping turtles (Desolation)
  4 peacekeepers (Desolation)
  2 centaur warriors (D:15)
  A satyr (Shoals:2)
  A vault guard (D:14)
  A merfolk avatar (Shoals:1)
  7 death yaks
  6 servants of whispers (Desolation)
  An ogre mage (D:15)
  A tengu warrior (D:14)
  Urug (Orc:1)
  4 orc high priests (Orc:2)
  A deep elf knight (D:15)
  A spark wasp zombie (D:15)
  3 sea snakes
  6 skeletal warriors
  A flayed ghost (D:15)
  A giant orange brain (Abyss:3)
  7 unseen horrors
  A wizard (D:14)
  A hill giant (D:14)
  5 harpies (Shoals:1)
  7 orc knights
  A deep elf archer (D:15)
  35 wolf spiders
  A stone giant zombie (D:15)
  5 orc sorcerers (Orc:2)
  5 cyclopes
  5 griffons
  4 deep elf magi
  2 fauns (Shoals:1)
  9 elephants (Lair:6)
  7 ugly things
  2 moths of wrath
  33 orb spiders
  13 hornets
  4 black mambas
  4 guardian serpents (Desolation)
  2 ice statues (IceCv)
  6 sirens
  2 torpor snails
  3 centaur zombies
  Joseph (Lair:1)
  4 spiny frogs
  4 centaur skeletons
  2 gargoyles (D:12)
  A torpor snail (shapeshifter) (D:13)
  An orange demon (Abyss:3)
  5 rime drakes
  7 komodo dragons
  2 kobold demonologists
  7 trolls
  7 ice devils (IceCv)
  14 demonic crawlers
  2 freezing wraiths
  A meliai (shapeshifter) (D:13)
  A red devil (Abyss:3)
  40 jumping spiders
  4 meliai
  6 merfolk
  34 saltlings
  5 polar bears
  6 two-headed ogres
  A blink frog (Abyss:3)
  A fire dragon zombie (D:15)
  3 snapping turtles (Shoals:1)
  2 boulder beetles
  80 redbacks
  A shadow (D:14)
  3 wyverns
  33 yaks
  6 wraiths
  13 spriggans
  24 tarantellas
  A large abomination (Abyss:3)
  4 basilisks
  A steam dragon (D:7)
  2 hungry ghosts
  12 hippogriffs
  2 vampire mosquitoes (D:15)
  A chaos spawn (Abyss:3)
  Menkaure (D:5)
  7 wargs
  A mottled dragon (D:7)
  Edmund (D:5)
  A soldier ant (D:15)
  10 water moccasins
  4 porcupines
  6 ice beasts
  54 orc warriors
  2 eyes of draining
  4 phantoms
  7 sky beasts
  4 black bears
  8 wasps
  A necrophage (D:12)
  27 ogres
  32 wolves
  3 boggarts (Lair:6)
  14 centaurs
  14 crocodiles
  5 big kobolds
  21 giant frogs
  Blork the orc (D:5)
  A gnoll sergeant (D:10)
  A wyvern zombie (D:11)
  A water moccasin zombie (D:6)
  A scorpion (D:6)
  11 killer bees
  A vampire bat (D:12)
  4 wights (D:9)
  A howler monkey (D:5)
  4 electric eels
  A giant frog zombie (D:10)
  A wasp zombie (D:7)
  7 crimson imps
  A quasit (D:6)
  2 giant frog skeletons
  2 hounds
  4 jellies
  32 orc wizards
  44 orc priests
  An iron imp (Abyss:3)
  9 iguanas
  8 worker ants
  A killer bee zombie (D:8)
  4 hound zombies
  A hound skeleton (D:6)
  A howler monkey zombie (D:10)
  A worker ant zombie (D:6)
  14 gnolls
  6 adders
  28 river rats
  6 shadow imps
  9 white imps (IceCv)
  4 ufetubi (IceCv)
  5 oozes
  2 worms
  5 dart slugs
  12 giant geckos
  113 orcs
  14 giant cockroaches
  9 hobgoblins
  13 jackals
  6 quokkas
  6 ball pythons
  11 bats
  2 giant gecko skeletons
  10 giant newts
  13 goblins
  26 kobolds
  A quokka zombie (D:6)
  14 rats
  3 fungi
  28 plants
  A starspawn tentacle (Abyss:3)
  4 tentacles
1340 creatures vanquished.

Vanquished Creatures (collateral kills)
  An orc warlord (Orc:2)
  An orc priest (Orc:2)
  An orc (Orc:2)
3 creatures vanquished.

Vanquished Creatures (others)
  Jorgrun (Spider:3)
  A reaper (IceCv)
  A peacekeeper (Desolation)
  A necromancer (D:15)
  2 deep elf magi (D:15)
  A wolf spider (Spider:4)
  3 saltlings (Desolation)
  A redback (Spider:1)
  A tarantella (Spider:1)
  An ogre (D:15)
  An orc wizard (D:9)
  A gnoll (D:7)
  4 white imps (IceCv)
  3 ufetubi (IceCv)
  5 fungi
  15 plants
  2 starspawn tentacles (Abyss:3)
  16 tentacles
  A withered plant (D:15)
61 creatures vanquished.

Grand Total: 1404 creatures vanquished

Notes
Turn   | Place    | Note
-------+----------+-------------------------------------------
     0 | D:1      | mopl the Demonspawn Gladiator began the quest for the Orb.
     0 | D:1      | Reached XP level 1. HP: 16/16 MP: 1/1
    48 | D:1      | Reached skill level 3 in Axes
    69 | D:1      | Gained mutation: When hurt, damage is shared between your health and your magic reserves. [demonic ancestry]
    69 | D:1      | Reached XP level 2. HP: 22/22 MP: 2/2
   366 | D:1      | Reached XP level 3. HP: 27/27 MP: 3/3
   708 | D:2      | Found a faded altar of an unknown god.
   723 | D:2      | Became a worshipper of Gozag Ym Sagoz the Greedy
   793 | D:2      | Reached skill level 4 in Axes
  1363 | D:3      | Reached XP level 4. HP: 33/33 MP: 4/4
  1542 | D:3      | Noticed a giant frog
  1556 | D:3      | Killed a giant frog
  1556 | D:3      | Reached skill level 5 in Axes
  1556 | D:3      | Gained mutation: You have sharp fingernails. [demonic ancestry]
  1556 | D:3      | Reached XP level 5. HP: 5/38 MP: 1/5
  1614 | D:3      | Found a glowing drain.
  1624 | Sewer    | Entered a sewer
  2034 | Sewer    | Reached skill level 6 in Axes
  2580 | D:4      | Gained mutation: Your movements are slightly less encumbered by armour. (ER -2) [demonic ancestry]
  2580 | D:4      | Reached XP level 6. HP: 44/44 MP: 6/6
  2804 | D:4      | Found a radiant altar of Vehumet.
  2804 | D:4      | Found a sacrificial altar of Ru.
  3160 | D:4      | Reached skill level 7 in Axes
  3429 | D:4      | Got a spiked ring mail
  3440 | D:4      | Identified the +6 ring mail of It's Over Quickly {rCorr Str+2} (You found it on level 4 of the Dungeon)
  3485 | D:5      | Entered Level 5 of the Dungeon
  3497 | D:5      | Reached XP level 7. HP: 42/50 MP: 5/7
  3565 | D:5      | Found a hide-covered altar of Uskayaw.
  3597 | D:5      | Noticed Blork the orc
  3604 | D:5      | Killed Blork the orc
  3604 | D:5      | Reached skill level 8 in Axes
  3645 | D:5      | Noticed Edmund
  3664 | D:5      | Killed Edmund
  3723 | D:5      | Noticed Menkaure
  3738 | D:5      | Killed Menkaure
  3842 | D:5      | Reached skill level 9 in Axes
  3842 | D:5      | Reached XP level 8. HP: 43/56 MP: 6/8
  4050 | D:5      | Found a white marble altar of Elyvilon.
  4141 | D:5      | Found a basalt altar of Yredelemnul.
  4227 | D:6      | Reached skill level 10 in Axes
  4516 | D:6      | Found a staircase to the Ecumenical Temple.
  4523 | D:6      | Reached skill level 1 in Evocations
  4525 | D:6      | Reached XP level 9. HP: 60/61 MP: 9/9
  4704 | D:7      | Reached skill level 11 in Axes
  4717 | D:7      | Reached skill level 2 in Evocations
  5005 | D:7      | Reached skill level 3 in Evocations
  5093 | D:7      | Found an iron altar of Okawaru.
  5296 | D:7      | Reached skill level 4 in Evocations
  5899 | D:8      | Reached skill level 5 in Evocations
  5923 | D:8      | Reached skill level 12 in Axes
  6066 | D:8      | Gained mutation: You are partially covered in sharp spines. [demonic ancestry]
  6066 | D:8      | Reached XP level 10. HP: 53/67 MP: 8/14
  6139 | D:8      | Reached skill level 1 in Armour
  6688 | D:9      | Reached skill level 2 in Armour
  6723 | D:9      | Reached skill level 3 in Fighting
  7050 | D:9      | Found a staircase to the Lair.
  7410 | D:10     | Entered Level 10 of the Dungeon
  7443 | D:10     | Reached skill level 4 in Fighting
  7542 | D:10     | Reached skill level 3 in Armour
  7659 | D:10     | Found a shadowy altar of Dithmenos.
  7888 | D:10     | Reached skill level 13 in Axes
  7997 | D:10     | Killed an unseen horror
  7997 | D:10     | Reached skill level 5 in Fighting
  7997 | D:10     | Reached skill level 4 in Armour
  7997 | D:10     | Gained mutation: Your movements are less encumbered by armour. (ER -4) [demonic ancestry]
  7997 | D:10     | Reached XP level 11. HP: 79/79 MP: 15/15
  8136 | Lair:1   | Entered Level 1 of the Lair of Beasts
  8337 | Lair:1   | Noticed Joseph
  8345 | Lair:1   | Killed Joseph
  8697 | Lair:1   | Gained mutation: Your muscles are strong. (Str +2) [potion of mutation]
  8697 | Lair:1   | Gained mutation: Your spells are a little harder to cast, but a little more powerful. [potion of mutation]
  8697 | Lair:1   | Lost mutation: Your muscles are strong. (Str +2) [potion of mutation]
  9062 | Lair:2   | Noticed a six-headed hydra
  9081 | Lair:2   | Killed a one-headed hydra
  9096 | Lair:2   | Reached skill level 6 in Fighting
  9290 | Lair:2   | Reached skill level 5 in Armour
  9428 | Lair:2   | Noticed a griffon
  9440 | Lair:2   | Killed a griffon
  9990 | Lair:3   | Got an ancient broad axe
  9991 | Lair:3   | Identified the +1 broad axe "Dailore" {chop, rF+ rN+ Int-3} (You found it on level 3 of the Lair of Beasts)
 10047 | Lair:3   | Found a staircase to the Shoals.
 10058 | Lair:3   | Reached skill level 14 in Axes
 10058 | Lair:3   | Reached skill level 6 in Evocations
 10427 | Lair:3   | Reached skill level 3 in Dodging
 10582 | Lair:3   | Found a hole to the Spider Nest.
 10687 | Lair:3   | Reached skill level 7 in Fighting
 11078 | Lair:4   | Gained mutation: You have very sharp fingernails. [demonic ancestry]
 11078 | Lair:4   | Reached XP level 12. HP: 27/91 MP: 6/16
 11982 | Lair:4   | Reached skill level 6 in Armour
 12473 | Lair:4   | Noticed a five-headed hydra
 12484 | Lair:4   | Killed a one-headed hydra
 12484 | Lair:4   | Reached skill level 4 in Dodging
 12669 | Lair:5   | Noticed a death yak
 12691 | Lair:4   | Killed a death yak
 12749 | Lair:5   | Found a staircase to the Slime Pits.
 12771 | Lair:5   | Gained mutation: You are agile. (Dex +2) [potion of beneficial mutation]
 12883 | Lair:5   | Reached skill level 7 in Evocations
 12934 | Lair:5   | Found a radiant altar of Vehumet.
 13510 | Lair:6   | Entered Level 6 of the Lair of Beasts
 13525 | Lair:6   | Noticed a five-headed hydra
 13526 | Lair:6   | Noticed a four-headed hydra
 13540 | Lair:6   | Killed a one-headed hydra
 13540 | Lair:6   | Reached skill level 8 in Fighting
 13544 | Lair:6   | Killed a one-headed hydra
 13544 | Lair:6   | Reached skill level 5 in Dodging
 13794 | Lair:6   | Reached skill level 15 in Axes
 13955 | Lair:6   | Reached skill level 7 in Armour
 14037 | Lair:6   | Gained mutation: Your movements are significantly less encumbered by armour. (ER -6) [demonic ancestry]
 14037 | Lair:6   | Reached XP level 13. HP: 85/99 MP: 15/18
 14390 | Lair:6   | Reached skill level 8 in Evocations
 14683 | Lair:6   | Reached skill level 9 in Fighting
 14778 | Lair:6   | Reached skill level 6 in Dodging
 15287 | Lair:6   | Got an ancient hand axe
 15288 | Lair:6   | Identified the +6 hand axe "Lideh" {chop, rElec Dex+4} (You found it on level 6 of the Lair of Beasts)
 15904 | D:11     | Found Kunuar's Antique Weapon Shop.
 15981 | D:11     | Found a sparkling altar of Nemelex Xobeh.
 16018 | D:11     | Found a frozen archway.
 16181 | IceCv    | Entered an ice cave
 16625 | IceCv    | Killed a reaper
 17263 | D:11     | Reached skill level 9 in Evocations
 17454 | D:11     | Found Xocoim's Antique Armour Emporium.
 17556 | D:11     | Found Hihatuj's Book Shop.
 17840 | D:11     | Gained mutation: You regenerate magic rapidly. [demonic ancestry]
 17840 | D:11     | Reached XP level 14. HP: 109/109 MP: 20/20
 17869 | D:11     | Found Leemish's Gadget Shoppe.
 17872 | D:11     | Bought a wand of heal wounds (5/9) for 864 gold pieces
 18174 | D:12     | Reached skill level 7 in Dodging
 18202 | D:12     | Found a flagged portal.
 18216 | Bailey   | Entered a bailey
 18411 | Bailey   | Reached skill level 16 in Axes
 19231 | D:12     | Reached skill level 8 in Armour
 19345 | D:12     | Found a staircase to the Orcish Mines.
 19443 | Orc:1    | Entered Level 1 of the Orcish Mines
 19565 | Orc:1    | Found a roughly hewn altar of Beogh.
 19728 | Orc:2    | Entered Level 2 of the Orcish Mines
 19858 | Orc:1    | Noticed Harold
 19867 | Orc:1    | Killed Harold
 20102 | Orc:2    | Reached skill level 10 in Fighting
 20155 | Orc:1    | Noticed Urug
 20182 | Orc:1    | Killed Urug
 20440 | Orc:2    | Found a roughly hewn altar of Beogh.
 20686 | Orc:2    | Found Xusse's General Store.
 20700 | Orc:2    | Bought a scroll of random uselessness for 16 gold pieces
 20703 | Orc:2    | Bought a scroll of holy word for 120 gold pieces
 20708 | Orc:2    | Bought a potion of haste for 160 gold pieces
 20708 | Orc:2    | Bought a fruit for 24 gold pieces
 20739 | Orc:2    | Found Xax Syll's Antique Weapon Emporium.
 20739 | Orc:2    | Noticed an orc warlord
 20756 | Orc:2    | Killed an orc warlord
 21305 | Orc:2    | Noticed an orc warlord
 21346 | Orc:2    | Killed an orc warlord
 21656 | Orc:2    | Noticed an orc warlord
 21675 | Orc:2    | Killed an orc warlord
 21675 | Orc:2    | Reached skill level 10 in Evocations
 21833 | Orc:2    | Found a staircase to the Elven Halls.
 21987 | Orc:2    | Reached skill level 8 in Dodging
 22214 | Orc:2    | Noticed an orc warlord
 22234 | Orc:2    | Killed an orc warlord
 22338 | Orc:2    | Found a roughly hewn altar of Beogh.
 22726 | Orc:2    | Found Diulac's Antique Armour Shoppe.
 22837 | Orc:2    | Found Buschypp's Antique Weapon Shop.
 22841 | Orc:2    | Gained mutation: You expend magic power (3 MP) to strengthen your wands. [a neqoxec]
 22879 | Orc:2    | Bought a glowing battleaxe for 247 gold pieces
 22945 | Orc:2    | Gained mutation: You have claws for hands. [a neqoxec]
 22951 | Orc:2    | Gained mutation: When low on magic, you restore magic in place of health. [demonic ancestry]
 22951 | Orc:2    | Reached XP level 15. HP: 114/117 MP: 22/22
 24038 | D:13     | Reached skill level 9 in Armour
 24282 | D:13     | Reached skill level 17 in Axes
 24569 | D:14     | Found a gate to the Vaults.
 24871 | D:14     | Reached skill level 11 in Fighting
 25277 | D:15     | Entered Level 15 of the Dungeon
 25934 | D:15     | Reached skill level 9 in Dodging
 26002 | D:15     | Found a staircase to the Depths.
 27199 | Spider:1 | Entered Level 1 of the Spider Nest
 27984 | Spider:1 | Reached skill level 10 in Armour
 28031 | Spider:1 | Mutation became permanent: You have claws for hands. [demonic ancestry]
 28031 | Spider:1 | Reached XP level 16. HP: 67/127 MP: 17/23
 28321 | Lair:3   | Bought 3 fruits for 49 gold pieces
 28321 | Lair:3   | Bought a beef jerky for 16 gold pieces
 28321 | Lair:3   | Bought a bread ration for 55 gold pieces
 28321 | Lair:3   | Bought a beef jerky for 16 gold pieces
 28321 | Lair:3   | Bought a bread ration for 55 gold pieces
 28321 | Lair:3   | Bought a slice of pizza for 16 gold pieces
 28321 | Lair:3   | Bought a beef jerky for 16 gold pieces
 28321 | Lair:3   | Bought a bread ration for 55 gold pieces
 28321 | Lair:3   | Bought a beef jerky for 16 gold pieces
 28321 | Lair:3   | Bought a meat ration for 55 gold pieces
 28397 | Spider:1 | Reached skill level 12 in Fighting
 28829 | Spider:1 | Reached skill level 18 in Axes
 29749 | Spider:2 | Got an ancient turquoise ring
 29751 | Spider:2 | Identified the ring "Aqiublanoi" {Ice rElec rPois Dex-3} (You found it on level 2 of the Spider Nest)
 30073 | Spider:2 | Reached skill level 10 in Dodging
 31020 | Spider:3 | Noticed Jorgrun
 31043 | Spider:3 | Killed Jorgrun
 31088 | Spider:3 | Identified 3 scrolls of acquirement
 31187 | Spider:3 | Found a ruined silver gateway.
 31193 | Desolati | Entered the Desolation of Salt
 31588 | Desolati | Noticed Torious's ghost (adept DECj)
 31600 | Desolati | Killed Torious's ghost
 31741 | Desolati | Reached skill level 11 in Armour
 32311 | Desolati | Reached XP level 17. HP: 80/135 MP: 14/24
 33164 | Desolati | Reached skill level 11 in Dodging
 33326 | Desolati | Reached skill level 13 in Fighting
 33490 | Spider:3 | Reached skill level 19 in Axes
 33574 | Spider:3 | Got a shimmering plate armour
 33585 | Spider:3 | Identified the +4 plate armour of the Catfish {Str+2} (You acquired it on level 3 of the Spider Nest)
 33586 | Spider:3 | Got an ichor-stained chain mail
 33597 | Spider:3 | Identified the +3 chain mail of Orthodoxy {*Confuse rElec rC+ rN+} (You acquired it on level 3 of the Spider Nest)
 34539 | Spider:4 | Entered Level 4 of the Spider Nest
 38906 | Spider:4 | Reached XP level 18. HP: 77/144 MP: 12/25
 38913 | Spider:4 | HP: 4/144 [poisoned by an emperor scorpion]
 39540 | Spider:4 | Reached skill level 12 in Armour
 40100 | Spider:4 | Got a gossamer rune of Zot
 40321 | Shoals:1 | Entered Level 1 of the Shoals
 40459 | Shoals:1 | Noticed Josephine
 40482 | Shoals:1 | Killed Josephine
 40515 | Shoals:1 | Reached skill level 12 in Dodging
 40547 | Shoals:1 | Noticed Roxanne
 40896 | Shoals:2 | Reached skill level 20 in Axes
 41055 | Shoals:2 | Noticed Polyphemus
 41067 | Shoals:2 | Killed Polyphemus
 41338 | Shoals:1 | Reached skill level 14 in Fighting
 41490 | Shoals:2 | Reached skill level 2 in Throwing
 41624 | Shoals:2 | Cast into level 2 of the Abyss (merfolk impaler)
 41800 | Abyss:3  | Found a corrupted altar of Lugonu.
 41878 | Abyss:3  | Noticed a bone dragon
 41926 | Abyss:3  | Killed a bone dragon
 41955 | Abyss:3  | Noticed a bone dragon
 42142 | Abyss:3  | HP: 4/116 [red devil/demon trident of venom (8)]
 42143 | Abyss:3  | Killed from afar by an insubstantial wisp

Vault maps used:
D:1:      eino_arrival_cavern_d
D:2:      ecumenical_altar_2
D:3:      portal_sewer_entry_e
D:4:      grunt_temple_overflow_open
D:5:      elyvilon_altar_5, yredelemnul_altar_generic, lemuel_crystal_altar,
          first_bread, uniq_menkaure, uniq_blork_the_orc, uniq_edmund
D:7:      basic_altar
D:8:      the_bakery
D:9:      erik_lair_orcish_takeover, statue_in_the_mist_lemuel
D:10:     nicolae_dithmenos_the_darkroom
D:11:     minmay_coctagon, basic_altar, portal_ice_cave_entry_pillars_1,
          serial_shops, shop, kennysheep_mini, shop, shop
D:12:     hiddenorc1_lemuel, enter_bailey_3, hangedman_decor_opposing,
          roderic_batcave
D:14:     david_vaults_5
D:15:     gammafunk_depths_entry_grave, serial_column_ruins,
          column_ruins_grid_2, column_ruins_grid_1,
          column_ruins_columns_dead_end, column_ruins_open_tiny,
          column_ruins_open_medium, column_ruins_open_small,
          column_ruins_corridor_dead_end, minmay_misc_feat_nine_boxes
Lair:1:   serial_bayou_shore_b, grunt_megastairs_5, uniq_joseph
Lair:3:   elwin_shoals_entry_stream, spider_nest_entry_funnel_web, minmay_holes
Lair:4:   st_stairs_9, serial_bayou_shore_a
Lair:5:   nicolae_slime_entry_slimehenge, basic_altar
Lair:6:   minmay_lair_end_enchanted_forest, wad_woods_04
Shoals:1: uniq_roxanne, uniq_josephine
Shoals:2: uniq_kirke, uniq_polyphemus
Spider:1: spiders_nest_spider_trap
Spider:3: portal_desolation_entry_salt, uniq_jorgrun
Spider:4: spider_rune_water
Orc:1:    basic_altar, uniq_harold, uniq_urug
Orc:2:    pubby_orc_utopia
Abyss:2:  hangedman_abyss_or_decor_slice
Abyss:3:  due_evilmike_abyss_rune_seething_liches
Sewer:    sewer_frog_island_01
Bailey:   bailey_axe_4, bailey
IceCv:    ice_cave_small_demon

Skill      XL: |  1  2  3  4  5  6  7  8  9 10 11 12 13 14 15 16 17 18 |
---------------+-------------------------------------------------------+-----
Axes           | 3 4 5 6 7 9 10 12 13 14 15 16 17 18 19 20 | 20.1
Evocations     | 1 5 6 7 9 10 | 10.0
Armour         | 4 5 7 8 10 11 12 | 12.4
Fighting       | 5 7 8 9 10 11 12 13 14 | 14.0
Dodging        | 3 5 6 8 9 10 11 12 | 12.2
Throwing       | 2 |  2.6

Action                   |  1- 3 |  4- 6 |  7- 9 | 10-12 | 13-15 | 16-18 || total
-------------------------+-------+-------+-------+-------+-------+-------++-------
Melee: War axe           |    19 |       |    16 |    27 |    45 |       ||   107
       Hand axe          |    57 |   144 |   326 |   328 |       |       ||   855
       Battleaxe         |       |       |       |   167 |       |       ||   167
       Broad axe         |       |       |       |   168 |  1561 |  1377 ||  3106
       Executioner's axe |       |       |       |       |   125 |   100 ||   225
 Fire: Blowgun           |       |       |       |       |     5 |       ||     5
Throw: Javelin           |       |       |       |       |     2 |       ||     2
       Throwing net      |       |       |       |       |       |     5 ||     5
Invok: Call Merchant     |       |       |       |       |       |     1 ||     1
       Potion Petition   |       |       |       |       |       |     3 ||     3
 Abil: Evoke Invisibilit |       |       |     5 |     6 |    12 |    19 ||    42
       Turn Visible      |       |       |     1 |     1 |     8 |     7 ||    17
       Evoke Flight      |       |       |       |       |     4 |     4 ||     8
       Stop Flying       |       |       |       |       |       |     1 ||     1
Evoke: Wand              |       |       |       |       |     8 |    26 ||    34
       Phial of floods   |       |       |       |       |     1 |     1 ||     2
       Fan of gales      |       |       |       |       |       |     1 ||     1
  Use: Scroll            |       |     4 |     4 |    10 |    14 |    18 ||    50
       Potion            |       |       |       |     2 |     3 |    13 ||    18
 Stab: Sleeping          |     1 |       |     3 |     4 |     1 |       ||     9
       Invisible         |       |       |    19 |    15 |    69 |    78 ||   181
       Distracted        |       |       |       |     6 |    16 |    12 ||    34
       Paralysed         |       |       |       |       |       |    38 ||    38
       Petrifying        |       |       |       |       |       |     1 ||     1
       Held in net/web   |       |       |       |       |       |     5 ||     5
  Eat: Meat ration       |     1 |       |       |       |       |       ||     1
       Bread ration      |       |     1 |     1 |     4 |    12 |    10 ||    28
       Beef jerky        |       |       |     2 |     3 |       |     6 ||    11
       Pizza             |       |       |     1 |     3 |       |     2 ||     6
       Royal jelly       |       |       |       |     1 |     1 |       ||     2
       Fruit             |       |       |       |     3 |     1 |     7 ||    11
Armor: Leather armour    |    16 |    29 |       |       |       |       ||    45
       Chain mail        |       |     8 |       |       |       |       ||     8
       Ring mail         |       |     1 |   135 |   274 |   482 |   681 ||  1573
Dodge: Dodged            |    43 |    79 |   197 |   366 |  1023 |  1284 ||  2992
